 Dungeon Crawl Stone Soup version 0.30.0-18-gc0e69614cb (webtiles) character file.

Game seed: 1781620627849270145

6612 booth the Cleaver (level 11, -11/85 HPs)
             Began as a Gnoll Reaver on May 22, 2023.
             Was an Initiate of Gozag.
             Mangled by a two-headed ogre
             ... wielding a +0 giant club
              (18 damage)
             ... on level 9 of the Dungeon on May 23, 2023.
             The game lasted 01:09:19 (11055 turns).

booth the Cleaver (Gnoll Reaver)                   Turns: 11055, Time: 01:09:20

Health: -11/85     AC: 11    Str: 22    XL:     11   Next: 2%
Magic:  22/22      EV: 14    Int: 12    God:    Gozag
Gold:   1018       SH: 10    Dex: 11    Spells: 11/25 levels left

rFire   + . .        a - +1 hand axe (flame)
rCold   . . .        C - +0 buckler
rNeg    . . .        A - +0 leather armour {rF+}
rPois   .            I - +1 hat
rElec   .            e - +0 cloak
rCorr   .            x - +0 pair of gloves
SInv    .            (no boots)
Will    .....        m - amulet of reflection
Stlth   +++          h - +6 ring of strength
HPRegen 0.34/turn    z - +4 ring of protection
MPRegen 0.18/turn

%: reflection
@: gold aura
A: fangs 1, strong nose, distributed training
a: Renounce Religion, Potion Petition, Call Merchant, Bribe Branch


You were on level 9 of the Dungeon.
You worshipped Gozag.
Gozag was most pleased with you.
You visited 1 branch of the dungeon, and saw 9 of its levels.

You collected 1116 gold pieces.
You paid 98 gold pieces to Gozag.

Inventory:

Hand Weapons
 a - a +1 hand axe of flaming (weapon)
 d - a +0 war axe
 g - a +0 mace
 t - a +1 flail
Missiles
 l - 6 boomerangs (quivered)
 u - 13 poisoned darts
Armour
 c - a +0 ring mail of cold resistance
 e - a +0 cloak (worn)
 n - a scarf of resistance
 x - a +0 pair of gloves (worn)
 A - a +0 leather armour of fire resistance (worn)
 C - a +0 buckler (worn)
 I - a +1 hat (worn)
Jewellery
 h - a +6 ring of strength (left hand)
 j - an amulet of guardian spirit
 m - an amulet of reflection (around neck)
 v - a ring of wizardry
 y - a +4 ring of protection
 z - a +4 ring of protection (right hand)
 G - an amulet of regeneration
Wands
 s - a wand of mindburst (16)
 E - a wand of quicksilver (6)
 F - a wand of flame (5)
 H - a wand of polymorph (8)
Scrolls
 f - a scroll of torment
 i - 4 scrolls of magic mapping
 k - 2 scrolls of identify
 p - a scroll of fear
 B - a scroll of amnesia
Potions
 b - a potion of invisibility
 o - 3 potions of mutation
 q - 2 potions of lignification
 r - a potion of might
 w - a potion of cancellation


   Skills:
 + Level 7.7 Fighting
 + Level 6.0 Short Blades
 + Level 6.0 Long Blades
 + Level 9.0 Axes
 + Level 6.0 Maces & Flails
 + Level 6.0 Polearms
 + Level 6.0 Staves
 + Level 6.0 Ranged Weapons
 + Level 6.0 Throwing
 + Level 6.0 Armour
 + Level 7.7 Dodging
 + Level 6.0 Stealth
 + Level 6.0 Shields
 + Level 6.0 Unarmed Combat
 + Level 7.9 Spellcasting
 + Level 7.5 Conjurations
 + Level 5.0 Hexes
 + Level 5.0 Summonings
 + Level 5.0 Necromancy
 + Level 5.0 Translocations
 + Level 5.0 Transmutations
 + Level 5.0 Fire Magic
 + Level 5.0 Ice Magic
 + Level 5.0 Air Magic
 + Level 5.0 Earth Magic
 + Level 5.0 Poison Magic
 + Level 6.6 Invocations
 + Level 6.0 Evocations


You had 11 spell levels left.
You knew the following spells:

 Your Spells              Type           Power      Damage    Failure   Level
a - Kiss of Death         Conj/Necr      76%        2d11      1%          1
b - Momentum Strike       Conj/Tloc      38%        3d9       2%          2
c - Hailstorm             Conj/Ice       19%        3d6       4%          3
d - Poisonous Vapours     Pois/Air       32%        N/A       3%          2
e - Mephitic Cloud        Conj/Pois/Air  18%        N/A       5%          3
f - Ignite Poison         Fire/Tmut/Pois 16%        N/A       8%          3

Your spell library contained the following spells:

 Spells                   Type           Power      Damage    Failure   Level
 Necrotise                Necr           64%        1d7       2%          1
 Cigotuvi's Dreadful Rot  Necr/Pois/Air  32%        N/A       3%          2
 Call Canine Familiar     Summ           16%        N/A       8%          3
 Portal Projectile        Hex/Tloc       32%        N/A       8%          3
 Summon Guardian Golem    Hex/Summ       16%        N/A       8%          3
 Tukima's Dance           Hex            16%        N/A       8%          3
 Vampiric Draining        Necr           16%        2d7       8%          3
 Leda's Liquefaction      Hex/Erth       8%         N/A       26%         4
 Freezing Cloud           Conj/Ice/Air   9%         6-21      45%         5
 Agony                    Necr           16%        N/A       56%         5
 Blade Hands              Tmut           8%         N/A       56%         5
 Orb of Destruction       Conj           11%        9d6       100%        7
 Spellforged Servitor     Conj/Summ      9%         N/A       100%        7


Dungeon Overview and Level Annotations

Branches:
Dungeon (9/15)             Temple (0/1) D:7             Orc (0/2) D:9
   Lair: D:8-11

Altars:
Gozag
Hepliaklqana
Makhleb
Okawaru
Ru
Trog
Xom

Shops:
D:4 :

Annotations:
D:3 3 runed translucent doors, middlethird's ghost, amateur VSAE


Innate Abilities, Weirdness & Mutations

You have very sharp teeth.
Your uncanny sense of smell can sniff out nearby items.
Your experience applies equally to all skills.


Message History

The orc shouts!
The goblin is no longer distracted by gold.
An orc comes into view. It is wielding a +1 mace of holy wrath.
An orc wizard comes into view. It is wielding a +0 dagger.
An orc comes into view. It is wielding a +0 whip.
The orc is distracted by your dazzling golden aura.
The orc barely misses you.
The orc is distracted by your dazzling golden aura.
The orc attacks as you move away! You block the orc's attack.
The orc warrior attacks as you move away!
The orc warrior closely misses you.
The orc is no longer distracted by gold.
A bullfrog comes into view.
The orc is distracted by your dazzling golden aura.
An acid dragon comes into view.
The orc attacks as you move away! The orc hits you but does no damage.
The goblin closely misses you.
The orc warrior is distracted by your dazzling golden aura.
The orc attacks as you move away! The orc hits you but does no damage.
The orc attacks as you move away! The orc closely misses you.
The orc is no longer distracted by gold.
The orc attacks as you move away! You block the orc's attack.
The orc attacks as you move away! The orc closely misses you.
The two-headed ogre shouts in stereo!
The warg is distracted by your dazzling golden aura.
The orc attacks as you move away! You block the orc's attack.
The orc attacks as you move away! The orc closely misses you.
The orc warrior is no longer distracted by gold.
The orc attacks as you move away! The orc hits you but does no damage.
The orc warrior is distracted by your dazzling golden aura.
The orc priest is distracted by your dazzling golden aura.
The orc is distracted by your dazzling golden aura.
The orc attacks as you move away! You block the orc's attack.
The orc priest is no longer distracted by gold.
You see here an amulet of the acrobat.
The two-headed ogre attacks as you move away!
The two-headed ogre completely misses you.
The two-headed ogre hits you with a +0 giant club!!
You die...
Your body crumbles into a pile of gold.

#..# #.# ##....## #...
#..# #<# #....## #...
#..# #.# #.#### #... #.#
#.#.# #... #$# #...# #...
. #.# ###.# #...
..#######.# #.# #...
..........# #.# ###...
.......O@.#####.####.....
........oo...............
.......g.F.##............
.....##.g..##....##......
.....##oo......?.##......
##.....oo................
##......o............##..
.........h...........# [.
......D.o............. ..


You could see a two-headed ogre, a warg (wandering), a bullfrog, an orc priest,
6 orcs and 2 goblins.

Vanquished Creatures
  Gastronok (D:8)
  A two-headed ogre (D:7)
  Pikel (D:7)
  Prince Ribbit (D:5)
  Sigmund (D:3)
  3 yaks (D:9)
  2 steam dragons
  An acid dragon (D:8)
  2 water moccasins
  An ice beast (D:7)
  An orc warrior (D:6)
  A sky beast (D:7)
  A black bear (D:5)
  2 centaurs
  2 phantoms
  A kobold brigand (D:8)
  3 bullfrogs
  4 scorpions
  12 wights
  7 howler monkeys
  4 crimson imps (D:3)
  3 hounds
  2 jellies
  8 orc priests
  3 gnoll boudas
  2 sleepcaps
  An iguana (D:4)
  5 orc wizards
  12 gnolls
  7 adders
  2 shadow imps
  3 white imps
  An ufetubus (D:3)
  3 dart slugs
  19 orcs
  10 endoplasms
  2 giant cockroaches
  11 goblins
  5 hobgoblins
  4 jackals (D:1)
  5 quokkas
  6 ball pythons
  7 bats
  4 frilled lizards
  11 kobolds
  5 rats
193 creatures vanquished.

Vanquished Creatures (others)
  A wizard (D:3)
1 creature vanquished.

Grand Total: 194 creatures vanquished

Notes
Turn   | Place    | Note
-------+----------+-------------------------------------------
     0 | D:1      | booth the Gnoll Reaver began the quest for the Orb.
     0 | D:1      | Reached XP level 1. HP: 20/20 MP: 6/6
   290 | D:1      | Reached XP level 2. HP: 26/26 MP: 7/7
   298 | D:1      | Learned a level 2 spell: Momentum Strike
  1014 | D:1      | Reached skill level 5 in Spellcasting
  1014 | D:1      | Reached XP level 3. HP: 22/31 MP: 7/9
  1018 | D:1      | Learned a level 3 spell: Hailstorm
  1021 | D:1      | Learned a level 2 spell: Poisonous Vapours
  1437 | D:2      | Reached skill level 1 in Invocations
  1556 | D:2      | Found a sacrificial altar of Ru.
  1633 | D:2      | Reached skill level 1 in Short Blades
  1633 | D:2      | Reached skill level 1 in Long Blades
  1633 | D:2      | Reached skill level 1 in Maces & Flails
  1633 | D:2      | Reached skill level 1 in Polearms
  1633 | D:2      | Reached skill level 1 in Staves
  1633 | D:2      | Reached skill level 1 in Ranged Weapons
  1633 | D:2      | Reached skill level 1 in Throwing
  1633 | D:2      | Reached skill level 1 in Armour
  1633 | D:2      | Reached skill level 1 in Stealth
  1633 | D:2      | Reached skill level 1 in Shields
  1633 | D:2      | Reached skill level 1 in Unarmed Combat
  1633 | D:2      | Reached skill level 1 in Evocations
  1670 | D:2      | Reached XP level 4. HP: 22/38 MP: 11/11
  2214 | D:2      | Reached skill level 1 in Hexes
  2214 | D:2      | Reached skill level 1 in Summonings
  2214 | D:2      | Reached skill level 1 in Necromancy
  2214 | D:2      | Reached skill level 1 in Translocations
  2214 | D:2      | Reached skill level 1 in Transmutations
  2214 | D:2      | Reached skill level 1 in Fire Magic
  2214 | D:2      | Reached skill level 1 in Ice Magic
  2214 | D:2      | Reached skill level 1 in Air Magic
  2214 | D:2      | Reached skill level 1 in Earth Magic
  2214 | D:2      | Reached skill level 1 in Poison Magic
  2394 | D:3      | Noticed Sigmund
  2415 | D:3      | Killed Sigmund
  2416 | D:3      | Reached skill level 5 in Fighting
  2416 | D:3      | Reached skill level 5 in Dodging
  2416 | D:3      | Reached XP level 5. HP: 26/44 MP: 5/12
  2416 | D:3      | Reached XP level 6. HP: 30/51 MP: 5/14
  2464 | D:3      | Found a shimmering altar of Xom.
  2532 | D:3      | Paralysed by a crimson imp for 2 turns
  2803 | D:3      | Reached skill level 7 in Axes
  2803 | D:3      | Reached XP level 7. HP: 16/56 MP: 8/15
  3016 | D:3      | Found a bloodstained altar of Trog.
  3019 | D:3      | Noticed a wizard
  3024 | D:3      | Killed a wizard
  3111 | D:3      | Found a burning altar of Makhleb.
  3313 | D:3      | Found a runed translucent gate.
  3314 | D:3      | Found a runed translucent gate.
  3314 | D:3      | Found a runed translucent gate.
  3317 | D:3      | Noticed middlethird's ghost (amateur VSAE)
  3768 | D:4      | Found Rauzyag's Book Emporium.
  4400 | D:5      | Entered Level 5 of the Dungeon
  4491 | D:5      | Noticed Prince Ribbit
  4820 | D:5      | Reached XP level 8. HP: 15/63 MP: 16/16
  5166 | D:5      | Killed Prince Ribbit
  6135 | D:5      | Found an opulent altar of Gozag.
  6148 | D:5      | Became a worshipper of Gozag Ym Sagoz the Greedy
  6254 | D:6      | Upgraded the game from 0.30.0-17-ge0270778cf to
                  | 0.30.0-18-gc0e69614cb
  6404 | D:6      | Reached XP level 9. HP: 19/65 MP: 18/18
  7270 | D:6      | Reached skill level 8 in Axes
  7691 | D:7      | Reached skill level 5 in Invocations
  7878 | D:7      | Found a hazy altar of Hepliaklqana.
  8153 | D:7      | Found an iron altar of Okawaru.
  8236 | D:7      | Noticed Pikel
  8250 | D:7      | Killed Pikel
  8251 | D:7      | Reached skill level 5 in Short Blades
  8251 | D:7      | Reached skill level 5 in Long Blades
  8251 | D:7      | Reached skill level 5 in Maces & Flails
  8251 | D:7      | Reached skill level 5 in Polearms
  8251 | D:7      | Reached skill level 5 in Staves
  8251 | D:7      | Reached skill level 5 in Ranged Weapons
  8251 | D:7      | Reached skill level 5 in Throwing
  8251 | D:7      | Reached skill level 5 in Armour
  8251 | D:7      | Reached skill level 5 in Stealth
  8251 | D:7      | Reached skill level 5 in Shields
  8251 | D:7      | Reached skill level 5 in Unarmed Combat
  8251 | D:7      | Reached skill level 5 in Evocations
  8251 | D:7      | Reached XP level 10. HP: 75/77 MP: 18/20
  8536 | D:7      | Found a staircase to the Ecumenical Temple.
  9367 | D:8      | Noticed a two-headed ogre
 10146 | D:8      | Noticed Gastronok
 10165 | D:7      | Killed a two-headed ogre
 10329 | D:8      | Killed Gastronok
 10850 | D:9      | Learned a level 3 spell: Mephitic Cloud
 10854 | D:9      | Learned a level 3 spell: Ignite Poison
 10926 | D:9      | Noticed a two-headed ogre
 11015 | D:9      | Reached skill level 9 in Axes
 11025 | D:9      | Reached skill level 5 in Hexes
 11025 | D:9      | Reached skill level 5 in Summonings
 11025 | D:9      | Reached skill level 5 in Necromancy
 11025 | D:9      | Reached skill level 5 in Translocations
 11025 | D:9      | Reached skill level 5 in Transmutations
 11025 | D:9      | Reached skill level 5 in Fire Magic
 11025 | D:9      | Reached skill level 5 in Ice Magic
 11025 | D:9      | Reached skill level 5 in Air Magic
 11025 | D:9      | Reached skill level 5 in Earth Magic
 11025 | D:9      | Reached skill level 5 in Poison Magic
 11035 | D:9      | Reached XP level 11. HP: 22/85 MP: 20/22
 11041 | D:9      | HP: 2/85 [yak (11)]
 11044 | D:9      | Found a staircase to the Orcish Mines.
 11055 | D:9      | Mangled by a two-headed ogre

Illustrated notes

Levels and vault maps discovered:
D:1:      heliophobic_arrival_ceremonial_halls, layout_basic,
          serial_co_window_serial, co_window_paths_b, co_window_paths_a,
          co_window_corner_a, co_window_corner_a, co_window_corner_a,
          co_window_corner_ca, co_window_2corner, co_window_of_opportunity_c,
          co_window_2corner, co_window_cross_2, co_window_corner_b,
          co_window_paths_c
D:2:      layout_basic, basic_altar
D:3:      layout_loops_ring, led_xom_imps, nicolae_overflow_crystal_walls,
          trog_wizard, gammafunk_ghost_necromancy, reono_crystal_passage,
          kennysheep_generic_room_6, uniq_sigmund
D:4:      layout_rooms, serial_glass, glass_columns_c, glass_columns_a,
          feat_on_display, serial_shops, nicolae_book_shop_shelving
D:5:      layout_loops_ring, mainiacjoe_overflow_alcove_4,
          nicolae_nh_ransacked_shop, uniq_prince_ribbit1
D:6:      layout_basic, nicolae_underground_beach
D:7:      layout_basic, jmf_multi_god_temple, minmay_temple_entry_antechambers,
          uniq_pikel
D:8:      layout_layer_cave, serial_co_window_serial, co_window_paths_a,
          co_window_corner_a, co_window_paths_a, co_window_paths_b,
          co_window_paths_a, co_window_of_opportunity_c, co_window_broadway_b,
          co_window_paths_c, co_window_corner_cb, co_window_4corner_a,
          glass_columns_b, uniq_gastronok
D:9:      layout_long_grid, mainiacjoe_overflow_alcove_1, erik_orc_4,
          kennysheep_nub, uniq_psyche

Skill      XL: |  1  2  3  4  5  6  7  8  9 10 |
---------------+-------------------------------+-----
Spellcasting   | 5 6 7 |  7.9
Invocations    | 1 2 3 4 5 6 |  6.6
Short Blades   | 1 2 3 5 6 |  6.0
Long Blades    | 1 2 3 5 6 |  6.0
Maces & Flails | 1 2 3 5 6 |  6.0
Polearms       | 1 2 3 5 6 |  6.0
Staves         | 1 2 3 5 6 |  6.0
Ranged Weapons | 1 2 3 5 6 |  6.0
Throwing       | 1 2 3 5 6 |  6.0
Armour         | 1 2 3 5 6 |  6.0
Stealth        | 1 2 3 5 6 |  6.0
Shields        | 1 2 3 5 6 |  6.0
Unarmed Combat | 1 2 3 5 6 |  6.0
Evocations     | 1 2 3 5 6 |  6.0
Hexes          | 1 2 3 4 5 |  5.0
Summonings     | 1 2 3 4 5 |  5.0
Necromancy     | 1 2 3 4 5 |  5.0
Translocations | 1 2 3 4 5 |  5.0
Transmutations | 1 2 3 4 5 |  5.0
Fire Magic     | 1 2 3 4 5 |  5.0
Ice Magic      | 1 2 3 4 5 |  5.0
Air Magic      | 1 2 3 4 5 |  5.0
Earth Magic    | 1 2 3 4 5 |  5.0
Poison Magic   | 1 2 3 4 5 |  5.0
Fighting       | 5 6 7 |  7.7
Dodging        | 5 6 7 |  7.7
Axes           | 7 8 9 |  9.0
Conjurations   | 6 7 |  7.5

Action                     |  1- 3 |  4- 6 |  7- 9 | 10-12 || total
---------------------------+-------+-------+-------+-------++-------
  Melee: Hand axe          |   151 |   190 |   502 |   206 ||  1049
         Bite              |    10 |    18 |    64 |    21 ||   113
         Punch             |     1 |     5 |    15 |       ||    21
  Throw: Boomerang         |       |    16 |    29 |     9 ||    54
         Dart              |       |       |       |     2 ||     2
   Cast: Kiss of Death     |       |     1 |     4 |     1 ||     6
         Momentum Strike   |       |     1 |     4 |       ||     5
         Hailstorm         |       |     1 |       |       ||     1
         Poisonous Vapours |       |       |     1 |     2 ||     3
  Evoke: Wand              |       |       |       |     2 ||     2
    Use: Scroll            |     4 |     2 |    11 |     3 ||    20
         Potion            |       |     1 |     4 |     1 ||     6
   Stab: Invisible         |       |       |     1 |       ||     1
         Sleeping          |       |       |     2 |     1 ||     3
         Distracted        |       |       |     1 |       ||     1
 Armour: Leather armour    |    44 |    44 |    97 |    29 ||   214
  Dodge: Dodged            |    75 |   117 |   241 |    84 ||   517
  Block: Other             |       |       |    57 |       ||    57
         Buckler           |       |       |    35 |    63 ||    98
         Reflection        |       |       |     1 |     5 ||     6
